 Dungeon Crawl Stone Soup version 0.27.1 (webtiles) character file.

Game seed: 4094618664040017514

338 slippyandproud the Shield-Bearer (level 6, -7/54 HPs)
             Began as a Palentonga Fighter on Aug 21, 2021.
             Mangled by an acid dragon (14 damage)
             ... on level 5 of the Dungeon.
             The game lasted 00:42:14 (4025 turns).

slippyandproud the Shield-Bearer (PaFi)             Turns: 4025, Time: 00:42:14

Health: -7/54      AC:  2    Str: 26    XL:     6   Next: 29%
Magic:  6/6        EV:  6    Int: 13    God:
Gold:   176        SH: 11    Dex: 15    Spells: 5/5 levels left

rFire    . . .     SeeInvis +   a - +0 long sword
rCold    . . .     Faith    .   c - +0 kite shield
rNeg     . . .     Spirit   .   b - +0 scale mail
rPois    .         Reflect  .   (no helmet)
rElec    .         Harm     .   m - +0 cloak
rCorr    .         Rampage  .   (no gloves)
Will     .....                  (no barding)
Stlth    ..........             (no amulet)
HPRegen  0.18/turn              q - ring "Simes" {*Corrode Str+6 Int+5 Dex+4}
MPRegen  0.10/turn              t - ring of see invisible

@: corroded
A: large, rugged brown scales 3, see invisible, deformed body, roll 1, armoured
tail, claws 1, iridescent scales 1, robust 1, MP-powered wands
a: Rolling Charge


You were on level 5 of the Dungeon.
You visited 1 branch of the dungeon, and saw 5 of its levels.

You collected 176 gold pieces.

Inventory:

Hand Weapons
 a - a +0 long sword (weapon)
 e - a +1 spear of freezing
 l - a +4 quarterstaff of chaos
 r - a +0 falchion
Missiles
 h - 32 bolts
 o - 65 sling bullets
 x - 13 arrows
Armour
 b - a +0 scale mail (worn)
 c - a +0 kite shield (worn)
 m - a +0 cloak (worn)
Jewellery
 q - the ring "Simes" (left claw) {*Corrode Str+6 Int+5 Dex+4}
   (You found it on level 4 of the Dungeon)

   [ring of strength]

   Str:       It affects your strength (+6).
   Int:       It affects your intelligence (+5).
   Dex:       It affects your dexterity (+4).
   *Corrode:  It may corrode you when you take damage.
 t - a ring of see invisible (right claw)
Wands
 k - a wand of polymorph (5)
 n - a wand of flame (31)
Scrolls
 g - 2 scrolls of noise
 p - 2 scrolls of teleportation {unknown}
 v - 2 scrolls of enchant weapon {unknown}


   Skills:
 - Level 3.0 Fighting
 - Level 2.0 Long Blades
 - Level 4.0 Armour
 + Level 5.0 Shields


You had 5 spell levels left.
You didn't know any spells.
Your spell library contained the following spells:

 Spells                   Type           Power      Damage    Failure   Level
 Summon Small Mammal      Summ           0%         N/A       86%         1
 Call Canine Familiar     Summ           0%         N/A       99%         3
 Summon Guardian Golem    Hex/Summ       0%         N/A       99%         3


Dungeon Overview and Level Annotations

Branches:
Dungeon (5/15)
 Temple: D:4-7

Altars:
Ru


Innate Abilities, Weirdness & Mutations

You are completely covered in rugged brown scales. (AC +3, +7% HP)
You have supernaturally acute eyesight. (SInv)
Armour fits poorly on your strangely shaped body.
You can roll at nearby foes to attack.
You have a long armoured tail.
You have sharp fingernails.
You are partially covered in iridescent scales. (AC +2)
You are robust. (+10% HP)
You expend magic power (3 MP) to strengthen your wands.


Message History

Describe a (M)onster, (S)pell, s(K)ill, (A)bility, (C)ard, (I)tem, (F)eature, (G)od, (B)ranch, c(L)oud or s(T)atus?
Okay, then.
Okay, then.
It was a potion of ambrosia.
You are confused.
You feel invigorated. The acid dragon spits acid at you.
The splash of acid hits you!
You are splashed with acid!
You are too confused!
You feel better.
You feel less invigorated.
As you read the scroll labelled NONAOKHUY, it crumbles to dust.
It is a scroll of amnesia.
You feel forgetful for a moment.
As you read the scroll labelled NEP YDGHUYC, it crumbles to dust.
You feel aware of your surroundings.
It was a scroll of magic mapping.
As you read the scroll labelled FAUT XUHEIZ, it crumbles to dust.
You hear a loud clanging noise!
It was a scroll of noise.
You hear a shout!
You hear an angry hiss.
You hear a shout!
You hear an angry hiss. x2
You block the acid dragon's attack. x2
The acid dragon spits acid at you. The splash of acid hits you!
The acid corrodes you!
You are splashed with acid!
* * * LOW HITPOINT WARNING * * *
You feel much better. The acid dragon spits acid at you.
The splash of acid hits you. The acid corrodes you!
You are splashed with acid!
* * * LOW HITPOINT WARNING * * *
Really quaff the potion of mutation? [Y]es or [N]o only, please.
Really quaff the potion of mutation?
You feel extremely strange.
You feel your magical essence link to the dungeon's wands.
You feel robust.
Iridescent scales grow over part of your body.
Your fingernails lengthen.
You closely miss the acid dragon. You tail-slap the acid dragon.
The acid dragon is lightly wounded.
The acid dragon bites you!
You die...

*,,,,,,,*,,,,,*,,,***..#≈,,,,,,,,
*,,****,,,,,,,..,** *..+,,,,,,,,,
,,** *,,*,,,**#.,* *#..+,,,,,,,,,
,,****,*,,*,* #.**##...#≈,,,,,,,,
,,*,,,,,,**,* #.*##....#≈,*,,*,,,
,,*,,,,,**#,* #.*#..#..#≈,,,,,,,,
,,,,,,***##.###.##.#..#*≈,,,,,,,,
,,,,,,* *#.......D...##*≈,*,,*,,,
,,,,*,***.......@.######≈,,,,,,,,
**,,,,*,..#............#≈≈≈≈≈≈≈≈≈
**,,,**,,.#...(...###..#*********
,,,,,,,,,.........###..#
**,,***,,.#............###
**,,***,,,#..............#
,,,,,,*,,,#..........#####
,****,*...#.........## ,*
*,**#..........##


You could see an acid dragon.

Vanquished Creatures
  A bullfrog (D:4)
  A hound (D:4)
  Crazy Yiuf (D:2)
  An iguana (D:4)
  Terence (D:2)
  9 adders
  An adder skeleton (D:4)
  3 dart slugs
  An orc (D:5)
  6 endoplasms
  7 giant cockroaches
  6 goblins
  8 hobgoblins
  11 jackals
  A quokka (D:4)
  8 ball pythons
  4 bats
  A frilled lizard (D:2)
  A kobold (D:1)
  A quokka skeleton (D:3)
  6 rats
79 creatures vanquished.

Notes
Turn   | Place    | Note
-------+----------+-------------------------------------------
     0 | D:1      | slippyandproud the Palentonga Fighter began the quest for
                  | the Orb.
     0 | D:1      | Reached XP level 1. HP: 19/19 MP: 1/1
   576 | D:1      | Reached XP level 2. HP: 19/25 MP: 2/2
  1332 | D:2      | Reached skill level 3 in Shields
  1332 | D:2      | Reached XP level 3. HP: 23/31 MP: 3/3
  1469 | D:2      | Found a runed translucent door.
  1470 | D:2      | Noticed Crazy Yiuf
  1515 | D:2      | Noticed Terence
  1520 | D:2      | Killed Terence
  1610 | D:2      | Reached XP level 4. HP: 32/37 MP: 4/4
  1968 | D:2      | Killed Crazy Yiuf
  2362 | D:3      | Reached XP level 5. HP: 41/43 MP: 5/5
  2902 | D:4      | Identified the ring "Simes" {*Corrode Str+6 Int+5 Dex+4}
  2986 | D:4      | Found a sacrificial altar of Ru.
  3041 | D:4      | Reached skill level 4 in Shields
  3357 | D:4      | Reached XP level 6. HP: 31/50 MP: 6/6
  3687 | D:5      | Entered Level 5 of the Dungeon
  3991 | D:5      | Reached skill level 5 in Shields
  4014 | D:5      | Noticed an acid dragon
  4024 | D:5      | Gained mutation: You expend magic power (3 MP) to
                  | strengthen your wands. [potion of mutation]
  4024 | D:5      | Gained mutation: You are robust. (+10% HP) [potion of
                  | mutation]
  4024 | D:5      | Gained mutation: You are partially covered in iridescent
                  | scales. (AC +2) [potion of mutation]
  4024 | D:5      | Gained mutation: You have sharp fingernails. [potion of
                  | mutation]
  4025 | D:5      | Mangled by an acid dragon

Illustrated notes

Levels and vault maps discovered:
D:1:      dpeg_arrival_houses_and_road, layout_basic
D:2:      layout_rooms, chequers_serial_rivers_micro_b, uniq_terence,
          uniq_crazy_yiuf_cottage
D:3:      layout_basic, st_stairs_10, minivault_14
D:4:      layout_rooms, nicolae_overflow_hidden_temple, serial_glass,
          glass_columns_b, glass_columns_b, minmay_misc_feat_roman
D:5:      layout_rooms, kennysheep_dice

Skill      XL: |  1  2  3  4  5  6 |
---------------+-------------------+-----
Armour         | 3 4 |  4.0
Shields        | 3 4 5 |  5.0
Fighting       | |  3.0
Long Blades    | |  2.0

Action                   |  1- 3 |  4- 6 || total
-------------------------+-------+-------++-------
Melee: Long sword        |    77 |    90 ||   167
       Tailslap          |     9 |    25 ||    34
       Falchion          |       |    64 ||    64
 Abil: Rolling Charge    |     5 |    36 ||    41
  Use: Scroll            |       |     5 ||     5
       Potion            |       |     5 ||     5
Armor: Scale mail        |    41 |    63 ||   104
Dodge: Dodged            |    14 |    26 ||    40
Block: Kite shield       |    40 |    90 ||   130
       Rpst.: Long sword |     5 |     7 ||    12
       Falchion          |       |     6 ||     6
